 Dungeon Crawl Stone Soup version 0.24.0-123-gd5b16e6ec5 (webtiles) character file.

Game seed: 13174955861920675710, levelgen mode: deterministic

1062 Mesmaeker13 the Digger (level 8, -1/85 HPs)
             Began as a Red Draconian Earth Elementalist on Jan 30, 2020.
             Slain by a worker ant (3 damage)
             ... on level 5 of the Dungeon.
             The game lasted 00:07:24 (6516 turns).

Mesmaeker13 the Digger (DrEE)                       Turns: 6516, Time: 00:07:25

Health: -1/85      AC: 24    Str: 11    XL:     8   Next: 6%
Magic:  10/12      EV:  2    Int: 23    God:
Gold:   283        SH:  0    Dex: 11    Spells: 5/13 levels left

rFire    . . .     SeeInvis .   r - +1 mace "Josch" {freeze, MR+}
rCold    . . .     Gourm    .   (no shield)
rNeg     + + +     Faith    .   (armour unavailable)
rPois    +         Spirit   .   (helmet currently unavailable)
rElec    .         Reflect  .   (cloak currently unavailable)
rCorr    .         Harm     .   (gloves currently unavailable)
MR       +....     NoTele   +   (boots currently unavailable)
Stlth    ++........             (no amulet)
HPRegen  0.24/turn              a - ring of poison resistance
MPRegen  0.13/turn              (no ring)

@: brilliant, tree-form, very slightly contaminated
A: (breathe fire), unfitting armour, AC +6
a: no special abilities


You were on level 5 of the Dungeon.
You were hungry.
You were a tree.
You visited 1 branch of the dungeon, and saw 6 of its levels.

You collected 283 gold pieces.

Inventory:

Hand Weapons
 l - a +0 antimagic dagger
 r - the +1 mace "Josch" (weapon) {freeze, MR+}
   (You found it on level 4 of the Dungeon)

   It has been specially enchanted to freeze those struck by it, causing extra
   injury to most foes and up to half again as much damage against particularly
   susceptible opponents.
   It can also slow down cold-blooded creatures.
   It affects your resistance to hostile enchantments.
Missiles
 b - 17 stones
 g - 44 poisoned darts (quivered)
 s - 2 throwing nets
Armour
 d - a +0 cloak (melded)
 n - a +0 pair of gloves (melded)
Jewellery
 a - a ring of poison resistance (left branch)
Wands
 u - a wand of clouds (6)
Scrolls
 f - 3 scrolls of teleportation
 j - 4 scrolls of blinking
 o - 3 scrolls of enchant armour
 p - 3 scrolls of remove curse {unknown}
 t - 2 scrolls of magic mapping {unknown}
 w - a scroll of enchant weapon {unknown}
 x - a scroll of immolation {unknown}
Potions
 e - a potion of mutation
 h - a potion of agility {unknown}
 i - a potion of brilliance
 k - a potion of berserk rage {unknown}
 m - a potion of ambrosia {unknown}
 q - 2 potions of lignification
 v - a potion of might {unknown}
 z - a potion of heal wounds {unknown}
Comestibles
 c - 15 rations


   Skills:
 + Level 5.2 Dodging
 - Level 1.7 Stealth
 - Level 3.0 Spellcasting
 + Level 4.5 Conjurations
   Level 1.0 Transmutations
 + Level 3.5 Fire Magic
 - Level 5.2 Earth Magic


You had 5 spell levels left.
You knew the following spells:

 Your Spells              Type           Power        Failure   Level  Hunger
a - Sandblast             Erth           #####.       1%          1    None
b - Stone Arrow           Conj/Erth      #####.       1%          3    ###....
c - Sticky Flame          Conj/Fire      #####...     2%          4    ####...

Your spell library contained the following spells:

 Spells                   Type           Power        Failure   Level  Hunger
 Flame Tongue             Conj/Fire      #####        1%          1    None
 Passwall                 Tmut/Erth      ####....     1%          2    ##.....
 Throw Flame              Conj/Fire      #####.       1%          2    ##.....
 Conjure Flame            Conj/Fire      #####...     1%          3    ###....
 Inner Flame              Hex/Fire       ####....     2%          3    ###....
 Petrify                  Tmut/Erth      ####....     4%          4    ####...
 Lee's Rapid Deconstruct  Erth           #####.....   4%          5    ######.
 Fireball                 Conj/Fire      #####.....   7%          5    ######.


Dungeon Overview and Level Annotations

Branches:
Dungeon (6/15)
 Temple: D:4-7

Altars:
Dithmenos
Nemelex Xobeh
Trog
Uskayaw
Vehumet

Annotations:
D:2 1 runed translucent door, Crazy Yiuf


Innate Abilities, Weirdness & Mutations

((You can breathe blasts of fire.))
((Your fiery red scales are hard. (AC +6)))
You cannot fit into any form of body armour.
((Your flesh is heat resistant. (rF+)))
((You are cold-blooded and may be slowed by cold attacks.))


Message History

You momentarily stiffen.
The howler monkey misses you. The worker ant bites you.
* * * LOW HITPOINT WARNING * * *
The gnoll hits you from afar with a +0 spear!
* * * LOW HITPOINT WARNING * * *
It was a potion of lignification.
You turn into a tree.
Your +0 cloak melds into your body.
Your +0 pair of gloves melds into your body.
Your roots penetrate the ground.
The howler monkey hits you but does no damage.
The worker ant bites you but does no damage.
The gnoll hits you but does no damage.
The howler monkey hoots and howls with incredible vigour!
You hear a shout!
It was a potion of brilliance.
You feel clever all of a sudden.
The worker ant bites you but does no damage.
The howler monkey hits you but does no damage.
The worker ant bites you.
You die...

....................
.........#.............
. ......#.#..........###
.. .(................#
.#.................#.
....................
#...........##.#
#...###.....##.#
..##..♣###.....##.#
.......hag(...(###.# #.#
...###..###....###.###.#
# #..................
#...##.........##.#
..................#
##..###.............
...................
...................


You could see a howler monkey, a worker ant and a gnoll.

Vanquished Creatures
  2 ice beasts (D:5)
  A phantom (D:5)
  An ogre (D:5)
  A centaur (D:5)
  2 scorpions (D:4)
  2 crimson imps (D:5)
  A centaur zombie (D:5)
  2 hounds (D:4)
  2 bullfrog skeletons (D:5)
  2 worker ants
  A hound skeleton (D:3)
  9 gnolls
  A howler monkey skeleton (D:4)
  5 adders
  3 oozes
  A worm (D:4)
  3 dart slugs
  3 leopard geckos
  13 orcs
  11 bats
  4 giant cockroaches
  6 goblins
  7 hobgoblins
  2 jackals (D:4)
  A quokka (D:4)
  2 frilled lizards (D:2)
  8 kobolds
  6 rats
102 creatures vanquished.

Notes
Turn   | Place    | Note
-------+----------+-------------------------------------------
     0 | D:1      | Mesmaeker13 the Draconian Earth Elementalist began the
                  | quest for the Orb.
     0 | D:1      | Reached XP level 1. HP: 14/14 MP: 3/3
   911 | D:1      | Reached XP level 2. HP: 20/20 MP: 3/5
  1870 | D:2      | Reached XP level 3. HP: 26/26 MP: 6/6
  2186 | D:2      | Found a runed translucent door.
  2187 | D:2      | Noticed Crazy Yiuf
  2674 | D:2      | Found a shadowy altar of Dithmenos.
  2856 | D:2      | Reached XP level 4. HP: 30/33 MP: 8/8
  3393 | D:3      | Learned a level 3 spell: Stone Arrow
  3755 | D:3      | Found a hide-covered altar of Uskayaw.
  3794 | D:3      | Found a bloodstained altar of Trog.
  3798 | D:3      | Reached XP level 5. HP: 38/38 MP: 9/9
  4141 | D:3      | Reached skill level 1 in Conjurations
  4281 | D:4      | Found a radiant altar of Vehumet.
  4283 | D:4      | Got a transparent mace
  4357 | D:4      | Reached XP level 6. HP: 21/45 MP: 8/10
  4685 | D:4      | Identified the +1 mace "Josch" {freeze, MR+} (You found it
                  | on level 4 of the Dungeon)
  5162 | D:4      | Found a sparkling altar of Nemelex Xobeh.
  5503 | D:5      | Entered Level 5 of the Dungeon
  5632 | D:4      | Reached skill level 5 in Earth Magic
  5979 | D:5      | Noticed an ice beast
  5992 | D:5      | Killed an ice beast
  5992 | D:5      | Your scales start taking on a fiery red colour.
  5992 | D:5      | Reached XP level 7. HP: 35/50 MP: 0/11
  5992 | D:5      | Gained mutation: Your flesh is heat resistant. (rF+) [Red
                  | Draconian growth]
  6002 | D:5      | Learned a level 4 spell: Sticky Flame
  6048 | D:5      | Reached skill level 1 in Fire Magic
  6283 | D:5      | Reached skill level 5 in Dodging
  6366 | D:5      | Reached XP level 8. HP: 40/57 MP: 8/12
  6514 | D:5      | HP: 1/57 [gnoll/+0 spear (9)]
  6516 | D:5      | Slain by a worker ant

Levels and vault maps discovered:
D:1:      roderic_chinese_lattice_arrival, layout_rooms, minmay_misc_feat_roman
D:2:      layout_basic, grunt_dithmenos_smoke, uniq_crazy_yiuf_cottage
D:3:      layout_loops_cross, lemuel_doored_altar,
          nicolae_overflow_hidden_temple
D:4:      layout_basic, vehumet_crystals, nicolae_overflow_crystal_walls,
          chequers_serial_rivers_micro_b
D:5:      layout_basic, nicolae_qazlal_style_of_elements, first_ration,
          uniq_duvessa
D:6:      layout_rooms, old_standard_altar, serial_shops,
          nicolae_shop_window_shopping, fedhas_ov_isle_minmay

Skill      XL: |  1  2  3  4  5  6  7 |
---------------+----------------------+-----
Dodging        | 2 3 4 5 |  5.2
Spellcasting   | 3 |  3.0
Earth Magic    | 4 5 |  5.2
Conjurations   | 2 3 4 |  4.5
Fire Magic     | 3 |  3.5
Stealth        | |  1.7
Transmutations | |  1.0

Action                   |  1- 3 |  4- 6 |  7- 9 || total
-------------------------+-------+-------+-------++-------
Melee: Unarmed           |    26 |       |       ||    26
       Tailslap          |     9 |    12 |     2 ||    23
       Whip              |   116 |    83 |       ||   199
       Mace              |       |    55 |    40 ||    95
Throw: Dart              |       |    28 |     7 ||    35
 Cast: Sandblast         |    14 |    28 |    23 ||    65
       Stone Arrow       |       |     1 |       ||     1
 Abil: Breathe Fire      |       |       |     3 ||     3
  Use: Scroll            |       |     5 |       ||     5
       Potion            |       |       |     2 ||     2
 Stab: Sleeping          |     3 |     1 |       ||     4
  Eat: Chunk             |     6 |    10 |     2 ||    18
Armor: Skin              |    66 |    66 |    36 ||   168
Dodge: Dodged            |   142 |   128 |    68 ||   338
